 Dungeon Crawl Stone Soup version 0.26.0-10-g1f06aea511 (webtiles) character file.

Game seed: 3759797958787422705

43 Borgoz the Slasher (level 3, -1/30 HPs)
             Began as a Ghoul Gladiator on Jan 13, 2021.
             Slain by Sigmund
             ... wielding a +0 scythe
              (11 damage)
             ... on level 2 of the Dungeon.
             The game lasted 00:01:40 (1718 turns).

Borgoz the Slasher (Ghoul Gladiator)                Turns: 1718, Time: 00:01:41

Health: -1/30      AC:  4    Str: 18    XL:     3   Next: 58%
Magic:  2/2        EV: 12    Int:  3    God:
Gold:   53         SH:  0    Dex: 10    Spells: 2/2 levels left

rFire    . . .     SeeInvis .   a - +0 long sword
rCold    + . .     Faith    .   (no shield)
rNeg     + + +     Spirit   .   k - +0 leather armour
rPois    ∞         Reflect  .   c - +0 helmet
rElec    .         Harm     .   (no cloak)
rCorr    .         Rampage  .   (no gloves)
Will     .....                  (no boots)
Stlth    +.........             (no amulet)
HPRegen  0.00/turn              (no ring)
MPRegen  0.08/turn              (no ring)

@: no status effects
A: claws 1, cold resistance 1, negative energy resistance 3, inhibited
regeneration, torment resistance, unbreathing
a: no special abilities


You were on level 2 of the Dungeon.
You visited 1 branch of the dungeon, and saw 2 of its levels.

You collected 53 gold pieces.

Inventory:

Hand Weapons
 a - a +0 long sword (weapon)
 b - a +0 short sword of electrocution
Missiles
 d - 3 throwing nets (quivered)
Armour
 c - a +0 helmet (worn)
 k - a +0 leather armour (worn)
Scrolls
 i - a scroll of random uselessness {unknown}
 j - a scroll of magic mapping {unknown}
 l - a scroll of fog {unknown}
 m - a scroll of immolation {unknown}
 n - 2 scrolls of identify
Potions
 f - a potion of mutation {unknown}
 h - a potion of lignification


   Skills:
 + Level 2.6 Fighting
 * Level 3.1 Long Blades
 - Level 1.7 Throwing
 * Level 1.2 Armour
 * Level 3.1 Dodging


You had 2 spell levels left.
You didn't know any spells.
Your spell library was empty.

Dungeon Overview and Level Annotations

Branches:
Dungeon (2/15)

Altars:

Annotations:
D:2 Sigmund


Innate Abilities, Weirdness & Mutations

You thrive by killing the living.
You are immune to poison.
You have sharp fingernails.
Your flesh is cold resistant. (rC+)
You are immune to negative energy. (rN+++)
You do not regenerate when monsters are visible.
You are immune to unholy pain and torment.
You can survive without breathing.


Message History

You slash something! Something hits you but does no damage.
You closely miss something. Something hits you!
You are too injured to fight recklessly!
You are too injured to fight recklessly!
You feel better. Something barely misses you.
You barely miss something. You miss something.
Something hits you but does no damage.
You hit something but do no damage. Something hits you!
You barely miss something. Something hits you.
* * * LOW HITPOINT WARNING * * *
You feel much better. Something barely misses you.
You completely miss something. You barely miss something. Something hits you.
You closely miss something. Something hits you.
You barely miss something. Something hits you!
You slash something!
You hear some strange, mumbled words.
Something tries to affect you, but you resist.
You hit something. Something hits you!
You die...

###
#.##########.#
#.....@{w....#
#.##########.#
#.# #.# #.#
#.# ##.###
#....#
##########
#....#
#.........


You could see a worm.

Vanquished Creatures
  Natasha (D:2)
  3 giant cockroaches
  2 goblins
  A hobgoblin (D:1)
  2 bats
  A frilled lizard (D:1)
  6 kobolds
  A rat (D:1)
17 creatures vanquished.

Notes
Turn   | Place    | Note
-------+----------+-------------------------------------------
     0 | D:1      | Borgoz the Ghoul Gladiator began the quest for the Orb.
     0 | D:1      | Reached XP level 1. HP: 17/17 MP: 0/0
     0 | D:1      | Noticed a dwarf
     5 | D:1      | Noticed an elf
    18 | D:1      | Noticed a troll
    18 | D:1      | Noticed a merfolk zombie
   559 | D:1      | You fall into a shaft and drop 1 floor!
   630 | D:2      | Reached XP level 2. HP: 24/24 MP: 1/1
  1388 | D:2      | Noticed Natasha
  1394 | D:2      | Killed Natasha
  1395 | D:2      | Reached skill level 1 in Armour
  1395 | D:2      | Reached XP level 3. HP: 14/30 MP: 2/2
  1696 | D:2      | Noticed Sigmund
  1718 | D:2      | Slain by Sigmund

Illustrated notes

Levels and vault maps discovered:
D:1:      shiori_arrival_whats_in_store_for_you, layout_loops_ring,
          chequers_serial_rivers_marsh, minmay_distorted
D:2:      layout_basic, uniq_natasha, uniq_sigmund

Skill      XL: |  1  2 |
---------------+-------+-----
Long Blades    | 3 |  3.1
Armour         | 1 |  1.2
Dodging        | 3 |  3.1
Fighting       | |  2.6
Throwing       | |  1.7

Action                   || total
-------------------------++-------
Melee: Long sword        ||    89
  Use: Scroll            ||     3
       Potion            ||     2
Armor: Leather armour    ||    36
Dodge: Dodged            ||    57
       Rpst.: Long sword ||    17
